[Event "2nd Yerevan Open"]
[Site "?"]
[Date "2017.09.22"]
[Round "4.2"]
[White "Grigoryan, Karen H"]
[Black "Gabrielian, Artur"]
[Result "1-0"]
[ECO "E67"]
[WhiteElo "2568"]
[BlackElo "2501"]
[PlyCount "59"]
[EventDate "2017.??.??"]
[TimeControl "6000+1020"]
[WhiteClock "0:11:53"]
[BlackClock "0:00:58"]

1. d4 Nf6 2. c4 g6 3. Nf3 Bg7 4. g3 O-O 5. Bg2 d6 6. O-O Nbd7 7. Nc3 e5 8. h3
Re8 9. e4 exd4 10. Nxd4 Nc5 11. Re1 Bd7 12. f3 Nh5 13. Nde2 f5 14. exf5 gxf5
15. g4 fxg4 16. fxg4 Nf6 17. Bg5 Re5 18. Bf4 Re8 19. Qc2 Qe7 20. Rf1 Ne6 21.
Bd2 Nxg4 22. hxg4 Nd4 23. Bd5+ Kh8 24. Nxd4 Bxd4+ 25. Kg2 Qh4 26. Rf4 Bxg4 27.
Qd3 Bf3+ 28. Rxf3 Rg8+ 29. Bxg8 Rxg8+ 30. Rg3 1-0

[Event "2nd Yerevan Open"]
[Site "?"]
[Date "2017.09.22"]
[Round "4.3"]
[White "Mikaelyan, Arman"]
[Black "Tabatabaei, M.Amin"]
[Result "1-0"]
[ECO "A45"]
[WhiteElo "2474"]
[BlackElo "2548"]
[PlyCount "25"]
[EventDate "2017.??.??"]
[TimeControl "6000+1480"]
[WhiteClock "1:05:38"]
[BlackClock "0:47:24"]

1. d4 Nf6 2. Bf4 d5 3. e3 c5 4. Nf3 Nc6 5. Nbd2 Qb6 6. dxc5 Qxb2 7. Rb1 Qc3 8.
Bb5 e6 9. O-O Qxc5 10. c4 a6 11. Bxc6+ bxc6 12. Ne5 Bd6 13. Nd3 1-0

[Event "2nd Yerevan Open"]
[Site "?"]
[Date "2017.09.22"]
[Round "4.4"]
[White "Petrosian, Tigran L"]
[Black "Minasian, Artashes"]
[Result "1-0"]
[ECO "A01"]
[WhiteElo "2615"]
[BlackElo "2492"]
[PlyCount "95"]
[EventDate "2017.??.??"]
[TimeControl "6000+1125"]
[WhiteClock "0:28:33"]
[BlackClock "0:27:44"]

1. b3 d5 2. Bb2 c6 3. g3 Bg4 4. Bg2 Nd7 5. h3 Bh5 6. f4 f6 7. Nf3 e5 8. g4 Bg6
9. e3 Bd6 10. f5 Bf7 11. d3 h5 12. e4 hxg4 13. hxg4 Rxh1+ 14. Bxh1 Nh6 15. Nbd2
Nxg4 16. Ng5 Qb6 17. Qxg4 Qe3+ 18. Kf1 fxg5 19. Nf3 dxe4 20. Re1 Qc5 21. Nxg5
Nf6 22. Qd1 exd3 23. Qxd3 Bg8 24. Bd4 Qa5 25. Bc3 Qc7 26. Ba5 Qe7 27. Qh3 Bc7
28. Bxc7 Qxc7 29. Qe3 O-O-O 30. Qxa7 Nd7 31. Ne6 Bxe6 32. fxe6 Rf8+ 33. Ke2 Nb6
34. Be4 Nd5 35. Qa8+ Qb8 36. Qxb8+ Kxb8 37. Bxd5 cxd5 38. Kd3 Kc7 39. Rxe5 Kd6
40. Rg5 Kxe6 41. Rxg7 b5 42. Rg6+ Ke5 43. Rb6 Rf3+ 44. Kd2 Rf2+ 45. Kc1 d4 46.
Rxb5+ Ke4 47. Rb4 Ke3 48. Rc4 1-0

[Event "2nd Yerevan Open"]
[Site "?"]
[Date "2017.09.22"]
[Round "4.5"]
[White "Melkumyan, Hrant"]
[Black "Hayrapetyan, Hovik"]
[Result "1-0"]
[ECO "A35"]
[WhiteElo "2642"]
[BlackElo "2472"]
[PlyCount "121"]
[EventDate "2017.??.??"]
[TimeControl "6000+1175"]
[WhiteClock "0:11:58"]
[BlackClock "0:12:23"]

1. c4 c5 2. Nf3 Nf6 3. Nc3 Nc6 4. g3 b6 5. Bg2 Bb7 6. O-O e6 7. e4 d6 8. d4
cxd4 9. Nxd4 Nxd4 10. Qxd4 Be7 11. b3 O-O 12. Ba3 Qb8 13. Rad1 Rd8 14. Rd2 Bc6
15. Rfd1 a6 16. Qe3 Ra7 17. e5 Ng4 18. Qf4 Nxe5 19. Bxc6 Nxc6 20. Bxd6 Rxd6 21.
Rxd6 Bxd6 22. Qxd6 Qxd6 23. Rxd6 Rc7 24. Na4 b5 25. Nc5 bxc4 26. Nxa6 Rc8 27.
bxc4 Kf8 28. c5 Ke7 29. a4 Nb8 30. Nxb8 Rxb8 31. Rb6 Ra8 32. Rb7+ Kf6 33. Rb4
Ra7 34. Kf1 Rc7 35. Rb5 Ke5 36. a5 Rc6 37. Ke2 Kd4 38. Rb7 f5 39. Rxg7 Rxc5 40.
a6 Ra5 41. a7 h5 42. Rd7+ Kc5 43. Ke3 Ra4 44. h4 Kc6 45. Rf7 Kd6 46. f3 f4+ 47.
gxf4 Ra3+ 48. Kf2 Ra1 49. Rh7 Ra2+ 50. Kg3 Ra4 51. Kf2 Ra3 52. Ke2 Ra2+ 53. Kd3
Ra4 54. Kc3 Kc6 55. Rf7 Kd5 56. Kb3 Ra1 57. Kb4 Kc6 58. f5 exf5 59. Rf6+ Kd5
60. Rxf5+ Kd4 61. Rf7 1-0

[Event "2nd Yerevan Open"]
[Site "?"]
[Date "2017.09.22"]
[Round "4.6"]
[White "Andriasian, Zaven"]
[Black "Baghdasaryan, Vahe"]
[Result "1/2-1/2"]
[ECO "B45"]
[WhiteElo "2593"]
[BlackElo "2440"]
[PlyCount "85"]
[EventDate "2017.??.??"]
[TimeControl "6000+2175"]
[WhiteClock "0:05:51"]
[BlackClock "0:26:08"]

1. e4 c5 2. Nf3 e6 3. d4 cxd4 4. Nxd4 Nc6 5. Nc3 Nf6 6. g3 Qb6 7. Nb3 Bb4 8.
Be3 Qc7 9. Bg2 Ne5 10. O-O Nc4 11. Bc1 a6 12. Ne2 h5 13. c3 Be7 14. h3 b5 15.
Nbd4 Bb7 16. b3 Ne5 17. f4 Ng6 18. Qd3 Bc5 19. Be3 e5 20. Nf5 O-O 21. Kh1 d5
22. Bxc5 Qxc5 23. fxe5 dxe4 24. Qd2 Qxe5 25. Qg5 Bc8 26. Ned4 Bxf5 27. Rxf5 Qc7
28. Rc5 Qb8 29. Rf1 Re8 30. Nf5 Re5 31. Rc6 Qe8 32. Rd6 e3 33. Rxf6 e2 34. Re1
gxf6 35. Qxf6 Rxf5 36. Qxf5 Rd8 37. Bd5 Kg7 38. c4 bxc4 39. bxc4 h4 40. gxh4
Qe3 41. Qxf7+ Kh6 42. Qf3 Re8 43. Qxe3+ 1/2-1/2

[Event "2nd Yerevan Open"]
[Site "?"]
[Date "2017.09.22"]
[Round "4.7"]
[White "Kotanjian, Tigran"]
[Black "Pashikian, Arman"]
[Result "0-1"]
[ECO "A28"]
[WhiteElo "2496"]
[BlackElo "2592"]
[PlyCount "120"]
[EventDate "2017.??.??"]
[TimeControl "6000+740"]
[WhiteClock "0:01:15"]
[BlackClock "0:00:45"]

1. c4 e5 2. Nc3 Nf6 3. Nf3 Nc6 4. a3 g6 5. g3 Bg7 6. Bg2 O-O 7. O-O d6 8. d3 h6
9. Nd2 Ne7 10. b4 a6 11. Bb2 c6 12. e4 Be6 13. Ne2 Qd7 14. Re1 Bh3 15. d4 Bxg2
16. Kxg2 exd4 17. Bxd4 c5 18. Bc3 cxb4 19. axb4 b5 20. Qc2 Nc6 21. Qb2 Ne5 22.
Bxe5 dxe5 23. c5 Rfd8 24. Ra2 Qc6 25. Nc3 Rd3 26. Nb3 Qe6 27. Nc1 Rdd8 28. Qe2
Rd4 29. Rd1 Rxb4 30. Nd5 Nxd5 31. exd5 Qd7 32. Rc2 Rc8 33. d6 Qc6+ 34. Kg1 Rd8
35. Qe1 Rc4 36. Rxc4 bxc4 37. Qa5 Bf6 38. Na2 Qf3 39. Qe1 e4 40. Rc1 Bg5 41.
Rc3 e3 42. h4 exf2+ 43. Qxf2 Qd1+ 44. Qf1 Qd4+ 45. Kh2 Qxc5 46. Rxc4 Qxd6 47.
hxg5 Qd2+ 48. Qg2 Qxg5 49. Rf4 Qh5+ 50. Rh4 Qc5 51. Nb4 a5 52. Nc6 Rc8 53. Nd4
a4 54. Qe4 Qc1 55. Rg4 Qc7 56. Nf5 Kh7 57. Nh4 a3 58. Kh3 Qd7 59. Qa4 Qe6 60.
Nf3 a2 0-1

[Event "2nd Yerevan Open"]
[Site "?"]
[Date "2017.09.22"]
[Round "4.8"]
[White "Rozum, Ivan"]
[Black "Babujian, Levon"]
[Result "1-0"]
[ECO "D77"]
[WhiteElo "2590"]
[BlackElo "2458"]
[PlyCount "109"]
[EventDate "2017.??.??"]
[TimeControl "6000+935"]
[WhiteClock "1:05:46"]
[BlackClock "0:26:33"]

1. d4 Nf6 2. c4 g6 3. Nf3 Bg7 4. g3 O-O 5. Bg2 d5 6. O-O dxc4 7. Na3 c3 8. bxc3
c5 9. Re1 Nc6 10. Bb2 Bg4 11. h3 Bxf3 12. Bxf3 Qb6 13. Nc4 Qb5 14. Qb3 Qxb3 15.
axb3 cxd4 16. cxd4 Rfd8 17. Bxc6 bxc6 18. Na5 Rac8 19. Rec1 Rd6 20. Ba3 Re6 21.
Ra2 Nd5 22. e3 Bh6 23. Rc4 Rc7 24. Bc1 Nb6 25. Rc3 Nd5 26. Rc4 Nb6 27. Rc5 Nd7
28. Rc3 Bg7 29. Rac2 c5 30. b4 Ra6 31. Bd2 f5 32. Rc4 Kf7 33. bxc5 Ke6 34. Kf1
Nf6 35. f3 Bf8 36. Rb2 Kd5 37. c6 Rb6 38. Rc5+ Ke6 39. Rcb5 Rxb5 40. Rxb5 Rc8
41. Ke2 Nd5 42. e4 fxe4 43. fxe4 Nb6 44. d5+ Kf6 45. Be3 e6 46. Bd4+ Kf7 47.
Bxb6 axb6 48. Rxb6 exd5 49. exd5 Bd6 50. g4 Re8+ 51. Kd3 Bh2 52. Nc4 Rd8 53.
Ke4 Re8+ 54. Kf3 Rd8 55. Rb2 1-0

[Event "2nd Yerevan Open"]
[Site "?"]
[Date "2017.09.22"]
[Round "4.9"]
[White "Nalbandian, Tigran"]
[Black "Gabuzyan, Hovhannes"]
[Result "0-1"]
[ECO "A04"]
[WhiteElo "2455"]
[BlackElo "2573"]
[PlyCount "72"]
[EventDate "2017.??.??"]
[TimeControl "6000+1185"]
[WhiteClock "0:01:03"]
[BlackClock "1:08:20"]

1. Nf3 c5 2. g3 Nc6 3. Bg2 g6 4. c3 Bg7 5. d4 cxd4 6. cxd4 d5 7. Nc3 e6 8. O-O
Nge7 9. e4 dxe4 10. Nxe4 O-O 11. Bg5 h6 12. Bf6 Bxf6 13. Nxf6+ Kg7 14. Ne4 Nf5
15. Rc1 Nfxd4 16. Rc4 Nxf3+ 17. Qxf3 e5 18. Nc5 Re8 19. Re1 Nd4 20. Qd5 Rb8 21.
Rxd4 exd4 22. Rxe8 Qxe8 23. Ne4 f6 24. Qxd4 Qe5 25. Qxa7 Bf5 26. h4 Re8 27. Nc3
Re7 28. Qb6 Rd7 29. a4 g5 30. h5 Qe1+ 31. Kh2 Qe8 32. Bf3 g4 33. Be2 Re7 34.
Qc5 Bd7 35. Qc4 Qxh5+ 36. Kg1 Bc6 0-1

[Event "2nd Yerevan Open"]
[Site "?"]
[Date "2017.09.22"]
[Round "4.11"]
[White "Nugumanov, Bakhtiyar"]
[Black "Martirosyan, Haik M"]
[Result "0-1"]
[ECO "C47"]
[WhiteElo "2401"]
[BlackElo "2570"]
[PlyCount "152"]
[EventDate "2017.??.??"]
[TimeControl "6000+755"]
[WhiteClock "0:00:59"]
[BlackClock "0:11:59"]

1. e4 e5 2. Nf3 Nc6 3. Nc3 Nf6 4. a3 d6 5. d4 Bg4 6. Bb5 Nd7 7. dxe5 dxe5 8.
Be3 Bd6 9. Bxc6 bxc6 10. h3 Bh5 11. Qe2 Qf6 12. g4 Bg6 13. O-O-O Nb6 14. Nd2
Qe6 15. h4 f6 16. Nb3 a5 17. f4 Bf7 18. f5 Qe7 19. Rxd6 Qxd6 20. Rd1 Qe7 21.
Bc5 Bc4 22. Qe3 Qf7 23. Nd2 Ba6 24. g5 Nd7 25. Rg1 Kd8 26. Nb3 Bc4 27. Nd2 Kc8
28. a4 g6 29. Ncb1 Ba6 30. b3 gxf5 31. exf5 fxg5 32. hxg5 Qxf5 33. Qc3 Be2 34.
Be3 Qe6 35. Na3 Qd5 36. Nac4 Rf8 37. g6 hxg6 38. Rxg6 Kb7 39. Rg7 Bxc4 40. Nxc4
Rf1+ 41. Kb2 Qd1 42. Ka3 Qa1+ 43. Qxa1 Rxa1+ 44. Kb2 Rd1 45. Bd2 Nb6 46. Nxa5+
Ka6 47. Bc3 Nd5 48. Nxc6 e4 49. Rg2 Re8 50. Nb4+ Nxb4 51. Bxb4 e3 52. Re2 Kb6
53. a5+ Kb5 54. Be1 Kc5 55. c3 Rd7 56. Kc2 Kd5 57. Kd3 Ke5+ 58. Kc4 Kf4 59. Ra2
Rd1 60. Bf2 exf2 61. Rxf2+ Ke3 62. Rf7 Re4+ 63. Kc5 Re5+ 64. Kb4 Rdd5 65. c4
Rxa5 66. Rxc7 Ra8 67. Kc3 Ree8 68. Rh7 Ke4 69. Rh4+ Ke5 70. Rh5+ Kd6 71. Rh3
Re6 72. Kb4 Kc6 73. Rf3 Rae8 74. Ka4 Kc5 75. Ka3 Ra8+ 76. Kb2 Kb4 0-1

[Event "2nd Yerevan Open"]
[Site "?"]
[Date "2017.09.22"]
[Round "4.12"]
[White "Korneev, Oleg"]
[Black "Vardanian, Haik G"]
[Result "1-0"]
[ECO "B42"]
[WhiteElo "2550"]
[BlackElo "2355"]
[PlyCount "87"]
[EventDate "2017.??.??"]
[TimeControl "6000+1255"]
[WhiteClock "0:31:08"]
[BlackClock "0:30:11"]

1. e4 c5 2. Nf3 e6 3. d4 cxd4 4. Nxd4 a6 5. Bd3 Nf6 6. O-O Qc7 7. Qe2 Bd6 8.
Kh1 Nc6 9. Nxc6 dxc6 10. f4 e5 11. f5 b5 12. a4 Bb7 13. Nc3 O-O 14. g4 Rac8 15.
g5 Nd7 16. Qh5 Rfe8 17. Be3 Bc5 18. Bxc5 Nxc5 19. Rf3 Nd7 20. f6 Qd6 21. Raf1
g6 22. Qh6 Qf8 23. Qh4 Kh8 24. Rh3 Qg8 25. Nd1 Rcd8 26. Ne3 Bc8 27. Ng4 Nc5 28.
Nh6 Qf8 29. Nf5 Qg8 30. Nh6 Qf8 31. Nf5 Qg8 32. Ne7 Rxe7 33. fxe7 Re8 34. Rhf3
Be6 35. Qf2 Nd7 36. Qa7 Rxe7 37. Qxa6 Nb8 38. Qa5 h6 39. gxh6 bxa4 40. Qxe5+
Kh7 41. Bc4 Nd7 42. Qd6 Qe8 43. Bxe6 fxe6 44. Qxe7+ 1-0